 Dungeon Crawl Stone Soup version 0.24-a0-584-g9d6b971ae4 (webtiles) character file.

Game seed: 3436693116513247882, levelgen mode: deterministic

2311 Arang the Magician (level 9, -1/52 HPs)
             Began as a Deep Elf Ice Elementalist on Sept 1, 2019.
             Was a Follower of Vehumet.
             Slain by a killer bee (9 damage)
             ... on level 7 of the Dungeon.
             The game lasted 00:38:39 (8621 turns).

Arang the Magician (Deep Elf Ice Elementalist)      Turns: 8621, Time: 00:38:40

Health: -1/52      AC: 11    Str: 14    XL:     9   Next: 18%
Magic:  6/20       EV: 12    Int: 25    God:    Vehumet [*.....]
Gold:   352        SH:  6    Dex: 15    Spells: 9/20 levels left

rFire    + . .     SeeInvis .   D - +8 whip of Expedience {elec, rF+ Str+6}
rCold    . . .     Gourm    .   (no shield)
rNeg     . . .     Faith    .   u - +3 leather armour of Tomorrow {Stlth+}
rPois    .         Spirit   .   r - +0 helmet
rElec    .         Reflect  +   (no cloak)
rCorr    .         Harm     .   e - +0 pair of gloves
MR       .....                  (no boots)
Stlth    +++.......             G - +6 amulet of reflection
HPRegen  0.17/turn              l - +2 ring of protection
MPRegen  0.17/turn              F - +4 ring of intelligence

@: lethally poisoned (-1 -> -2)
A: no striking features
a: Renounce Religion


You were on level 7 of the Dungeon.
You worshipped Vehumet.
Vehumet was aware of your devotion.
You were not hungry.

You visited 2 branches of the dungeon, and saw 8 of its levels.

You collected 352 gold pieces.

Inventory:

Hand Weapons
 n - a +0 trident
 D - the +8 whip of Expedience (weapon) {elec, rF+ Str+6}
   (You took it off an orc priest on level 4 of the Dungeon)

   Occasionally, upon striking a foe, it will discharge some electrical energy
   and cause terrible harm.
   It affects your strength (+6).
   It protects you from fire.
Missiles
 b - 6 boomerangs
 s - 12 poisoned darts (quivered)
Armour
 e - a +0 pair of gloves (worn)
 r - a +0 helmet (worn)
 u - the +3 leather armour of Tomorrow (worn) {Stlth+}
   (You found it on level 7 of the Dungeon)

   It makes you more stealthy.
 E - a +0 robe of cold resistance
Jewellery
 g - an uncursed ring of flight
 l - a +2 ring of protection (left hand)
 F - a +4 ring of intelligence (right hand)
 G - a +6 amulet of reflection (around neck)
Wands
 m - a wand of flame (13)
 y - a wand of paralysis (4)
Scrolls
 a - 2 scrolls of enchant armour {unknown}
 d - 4 scrolls of teleportation
 i - 2 scrolls of amnesia {unknown}
 k - 3 scrolls of magic mapping {unknown}
 q - 3 scrolls of remove curse
 v - a scroll of enchant weapon {unknown}
 B - 3 scrolls of blinking
 K - 2 scrolls of noise {unknown}
Potions
 h - a potion of cancellation {unknown}
 j - 2 potions of brilliance
 o - a potion of heal wounds {unknown}
 p - 3 potions of curing
 t - a potion of degeneration {unknown}
 w - 3 potions of lignification
 x - a potion of invisibility {unknown}
 z - 2 potions of mutation {unknown}
 A - 3 potions of might
 H - 2 potions of ambrosia {unknown}
 I - a potion of magic {unknown}
 J - a potion of agility {unknown}
 L - a potion of flight {unknown}
Comestibles
 c - 11 rations
 f - 2 chunks of flesh


   Skills:
 * Level 3.8 Fighting
 * Level 4.5 Maces & Flails
 * Level 5.2 Armour
 - Level 2.5 Dodging
 - Level 2.4 Stealth
 + Level 6.4 Spellcasting
 + Level 3.2 Conjurations
 * Level 1.1 Summonings
 + Level 5.6 Ice Magic


You had 9 spell levels left.
You knew the following spells:

 Your Spells              Type           Power        Failure   Level  Hunger
a - Freeze                Ice            ####         1%          1    None
b - Throw Frost           Conj/Ice       ####..       2%          2    None
c - Throw Icicle          Conj/Ice       ####....     14%         4    ###....
d - Summon Ice Beast      Ice/Summ       ###.....     22%         4    ###....

Your spell library contained the following spells:

 Spells                   Type           Power        Failure   Level  Hunger
 Sting                    Conj/Pois      ###.         4%          1    None
 Ozocubu's Armour         Chrm/Ice       ###.....     9%          3    None


Dungeon Overview and Level Annotations

Branches:
Dungeon (7/15)             Temple (1/1) D:6

Altars:
Ashenzari
Cheibriados
Elyvilon
Fedhas
Gozag
Hepliaklqana
Kikubaaqudgha
Makhleb
Nemelex Xobeh
Okawaru
Qazlal
Ru
Sif Muna
Trog
Uskayaw
Vehumet
Wu Jian
Xom
Yredelemnul
Zin
The Shining One

Annotations:
D:3 exclusion: 2 downstairs
D:4 exclusion: downstairs, Goblin1989's ghost, amateur DsCK
D:6 exclusion: 2 downstairs


Message History

You feel your power returning. The killer bee barely misses you.
Casting: Freeze (safe; 1% risk of failure)
Confirm with . or Enter, or press ? or * to list all spells.
Aiming: Freeze (safe; 1% risk of failure)
Press: ? - help, Shift-Dir - straight line, f - killer bee
Aim: a killer bee You freeze the killer bee!
The killer bee is severely wounded.
You feel sick. The killer bee stings you!
* * * LOW HITPOINT WARNING * * *
The killer bee barely misses you.
Casting: Freeze (safe; 1% risk of failure)
Confirm with . or Enter, or press ? or * to list all spells.
Aiming: Freeze (safe; 1% risk of failure)
Press: ? - help, Shift-Dir - straight line, f/p - killer bee
Aim: a killer bee (severely wounded)
You freeze the killer bee.
The killer bee is severely wounded.
The killer bee closely misses you. The killer bee stings you!
You die...

### ....## ......#####
..........####################
#..<[..oy@[...............
#####[..############...)#[
###..######### #....##
#y.o.......# #....##
#..y.y.....###.....#
#....y....>.##.....#
#...................
#.....[....###..####
#..........# ##.####


You could see a killer bee and an orc.

Vanquished Creatures
  Menkaure (D:4)
  An orc warrior (D:6)
  An ice beast (D:6)
  A phantom (D:5)
  A sky beast (D:6)
  4 centaurs (D:5)
  Blork the orc (D:5)
  2 bullfrogs (D:6)
  3 scorpions
  5 killer bees (D:7)
  3 wights (D:7)
  2 howler monkeys
  3 crimson imps
  2 hounds
  A jelly (D:6)
  An orc priest (D:4)
  Ijyb (D:3)
  4 worker ants
  Natasha (D:2)
  Terence (D:3)
  4 orc wizards
  A hound zombie (D:6)
  3 hound skeletons
  Robin (D:2)
  5 adders
  A howler monkey skeleton (D:4)
  An ooze (D:4)
  A worm (D:2)
  2 dart slugs
  5 leopard geckos
  14 orcs
  2 ball pythons
  9 bats
  5 giant cockroaches
  11 goblins
  11 hobgoblins
  12 jackals
  9 kobolds
  6 quokkas
  9 frilled lizards
  A leopard gecko skeleton (D:4)
  5 rats
157 creatures vanquished.

Notes
Turn   | Place    | Note
-------+----------+-------------------------------------------
     0 | D:1      | Arang the Deep Elf Ice Elementalist began the quest for the
                  | Orb.
     0 | D:1      | Reached XP level 1. HP: 10/10 MP: 6/6
   542 | D:1      | Reached XP level 2. HP: 15/15 MP: 5/8
   714 | D:1      | Learned a level 2 spell: Throw Frost
  1121 | D:2      | Reached XP level 3. HP: 19/19 MP: 1/10
  1277 | D:2      | Noticed Robin
  1747 | D:2      | Killed Robin
  1755 | D:2      | Reached skill level 4 in Spellcasting
  1763 | D:2      | Reached XP level 4. HP: 24/24 MP: 2/12
  2132 | D:2      | Noticed Natasha
  2146 | D:2      | Killed Natasha
  2146 | D:2      | Reached skill level 1 in Fighting
  2524 | D:3      | Noticed Terence
  2528 | D:3      | Killed Terence
  2528 | D:3      | Reached skill level 1 in Armour
  2577 | D:3      | Reached XP level 5. HP: 29/29 MP: 11/13
  2627 | D:3      | Noticed Ijyb
  2630 | D:3      | Paralysed by Ijyb for 3 turns
  2635 | D:3      | Killed Ijyb
  2945 | D:3      | Reached skill level 5 in Spellcasting
  3400 | D:4      | Noticed a phantom
  3602 | D:4      | Reached XP level 6. HP: 34/34 MP: 5/16
  3839 | D:4      | Noticed Goblin1989's ghost (amateur DsCK)
  3841 | D:4      | Reached skill level 5 in Ice Magic
  4016 | D:4      | Found a transporter.
  4027 | D:4      | Found a transporter.
  4037 | D:4      | Identified the +8 whip of Expedience {elec, rF+ Str+6}
  4239 | D:4      | Noticed Menkaure
  4259 | D:4      | Killed Menkaure
  4259 | D:4      | Reached skill level 6 in Spellcasting
  4259 | D:4      | Reached XP level 7. HP: 27/40 MP: 16/18
  4784 | D:5      | Entered Level 5 of the Dungeon
  5175 | D:5      | Reached skill level 1 in Maces & Flails
  5726 | D:5      | Noticed Blork the orc
  5778 | D:5      | Killed Blork the orc
  5998 | D:5      | Reached XP level 8. HP: 45/45 MP: 17/19
  6010 | D:5      | Learned a level 4 spell: Throw Icicle
  6588 | D:6      | Found a staircase to the Ecumenical Temple.
  6617 | Temple   | Entered the Ecumenical Temple
  6860 | Temple   | Became a worshipper of Vehumet
  7555 | D:6      | Found an iron altar of Okawaru.
  8148 | D:6      | Learned a level 4 spell: Summon Ice Beast
  8297 | D:6      | Reached XP level 9. HP: 40/52 MP: 13/20
  8465 | D:7      | Got a steaming leather armour
  8505 | D:7      | Identified the +3 leather armour of Tomorrow {Stlth+} (You
                  | found it on level 7 of the Dungeon)
  8540 | D:7      | Reached * piety under Vehumet
  8540 | D:7      | Offered knowledge of Sting by Vehumet.
  8602 | D:7      | Reached skill level 5 in Armour
  8609 | D:7      | Reached skill level 1 in Summonings
  8621 | D:7      | Slain by a killer bee

Levels and vault maps discovered:
D:1:      minmay_arrival_solitary_statue, layout_loops_cross
D:2:      layout_rooms, uniq_natasha, uniq_robin
D:3:      layout_loops_ring, first_ration, uniq_terence, uniq_ijyb
D:4:      layout_cave_pools, gammafunk_ghost_arena, uniq_menkaure
D:5:      layout_basic, uniq_blork_the_orc
D:6:      layout_loops_cross, minmay_temple_entry_junction,
          okawaru_metal_pillars_3
D:7:      layout_rooms, lightli_orcish_oven
Temple:   nicolae_temple_the_god_donut

Skill      XL: |  1  2  3  4  5  6  7  8  9 |
---------------+----------------------------+-----
Ice Magic      | 4 5 |  5.6
Spellcasting   | 4 5 6 |  6.4
Fighting       | 1 2 3 |  3.8
Armour         | 1 3 4 5 |  5.2
Conjurations   | 2 3 |  3.2
Maces & Flails | 2 4 |  4.5
Summonings     | 1 |  1.1
Dodging        | |  2.5
Stealth        | |  2.4

Action                   |  1- 3 |  4- 6 |  7- 9 || total
-------------------------+-------+-------+-------++-------
Melee: Club              |     1 |     6 |       ||     7
       Trident           |       |    12 |       ||    12
       Whip              |       |     7 |   160 ||   167
Throw: Stone             |     2 |     1 |       ||     3
       Dart              |       |     9 |     3 ||    12
 Cast: Freeze            |    50 |    78 |    35 ||   163
       Throw Frost       |    16 |    44 |    44 ||   104
       Throw Icicle      |       |       |     4 ||     4
  Use: Scroll            |       |     1 |     7 ||     8
 Stab: Sleeping          |       |     1 |     4 ||     5
       Distracted        |       |       |     1 ||     1
  Eat: Chunk             |     3 |     8 |    14 ||    25
Armor: Robe              |     7 |       |       ||     7
       Leather armour    |     7 |     7 |    12 ||    26
       Ring mail         |       |    17 |    65 ||    82
Dodge: Dodged            |    19 |    46 |   115 ||   180
Block: Other             |       |       |    15 ||    15

Table legend:
 A = Non-vault XP
 B = Vault XP
 C = Vault XP percentage of total XP
 D = Non-vault monster count
 E = Vault monster count
 F = Vault count percentage of total count
                 A         B        C        D         E       F
            +---------+---------+-------+---------+---------+-------
      Total |    2899 |     403 |  12.2 |     137 |      20 |  12.7
            +---------+---------+-------+---------+---------+-------
        D:1 |      32 |       0 |   0.0 |      18 |       0 |   0.0
        D:2 |      49 |      72 |  59.5 |      21 |      13 |  38.2
        D:3 |      89 |      74 |  45.4 |      23 |       2 |   8.0
        D:4 |     336 |     155 |  31.6 |      22 |       3 |  12.0
        D:5 |     831 |      99 |  10.6 |      18 |       1 |   5.3
        D:6 |     957 |       0 |   0.0 |      22 |       0 |   0.0
        D:7 |     605 |       3 |   0.5 |      13 |       1 |   7.1
            +---------+---------+-------+---------+---------+-------
